 Dungeon Crawl Stone Soup version 0.28-a0-1374-ga75cb3825e (webtiles) character file.

Game seed: 1340722828490625280

8651 ASSMAN the Covert (level 11, -3/68 HPs)
             Began as a Kobold Delver on Jan 1, 2022.
             Was a Follower of Ru.
             Slain by a vampire (8 damage)
             ... on level 11 of the Dungeon.
             The game lasted 00:21:06 (12508 turns).

ASSMAN the Covert (Kobold Delver)                  Turns: 12508, Time: 00:21:07

Health: -3/68      AC:  3    Str: 16    XL:     11   Next: 59%
Magic:  11/11      EV: 25    Int:  8    God:    Ru [*.....]
Gold:   524        SH:  0    Dex: 25    Spells: 8/10 levels left

rFire   . . .      SeeInvis .   l - +1 dagger (holy)
rCold   . . .      Faith    .   (no shield)
rNeg    . . .      Spirit   .   k - +1 robe of Welit {Str+5 Int-3 Dex+5}
rPois   .          Reflect  .   (no helmet)
rElec   .          Harm     .   (no cloak)
rCorr   .          Rampage  .   (no gloves)
Will    .....                   (no boots)
Stlth   +++++++...              (no amulet)
HPRegen 0.21/turn               (no ring)
MPRegen 0.12/turn               (no ring)

@: mighty
A: small, no large weapons, nightstalker 3, no earth magic, no summoning magic,
no transmutations magic
a: Renounce Religion


You were on level 11 of the Dungeon.
You worshipped Ru.
Ru was aware of your devotion.
You visited 3 branches of the dungeon, and saw 13 of its levels.

You collected 524 gold pieces.

Inventory:

Hand Weapons
 l - a +1 dagger of holy wrath (weapon)
 n - a +0 vampiric dagger
 q - a +1 dagger of flaming
 A - a +5 dagger of pain
Missiles
 e - 6 boomerangs of dispersal
 h - an atropa-tipped dart (quivered)
 i - 66 poisoned darts
 G - a throwing net
Armour
 k - the +1 robe of Welit (worn) {Str+5 Int-3 Dex+5}
   (You found it on level 2 of the Dungeon)

   Str:       It affects your strength (+5).
   Int:       It affects your intelligence (-3).
   Dex:       It affects your dexterity (+5).
 y - a +2 ring mail of cold resistance
 C - a +0 troll leather armour
 E - a +1 robe of willpower
 F - +0 acid dragon scales
Wands
 f - a wand of charming (7)
 g - a wand of digging (3)
 p - a wand of polymorph (8)
 z - a wand of acid (6)
 B - a wand of paralysis (10)
 D - a wand of iceblast (7)
Scrolls
 a - 3 scrolls of identify
 b - 2 scrolls of brand weapon
 c - 4 scrolls of fog
 d - 2 scrolls of magic mapping
 j - a scroll of silence
 m - 2 scrolls of teleportation
 o - a scroll of enchant armour
 x - 2 scrolls of amnesia
Potions
 r - a potion of resistance {unknown}
 s - a potion of might
 t - 2 potions of brilliance
 v - 4 potions of curing {unknown}
 w - a potion of mutation {unknown}
 H - a potion of haste


   Skills:
 - Level 8.0 Fighting
 - Level 10.0 Short Blades
 + Level 11.1 Dodging
 - Level 12.0 Stealth
 + Level 5.0 Necromancy
 - Level 8.0 Evocations


You had 8 spell levels left.
You knew the following spells:

 Your Spells              Type           Power      Damage    Failure   Level
a - Apportation           Tloc           0%         N/A       41%         1
b - Animate Skeleton      Necr           16%        N/A       5%          1

Your spell library contained the following spells:

 Spells                   Type           Power      Damage    Failure   Level
 Pain                     Necr           32%        1d5       5%          1
 Vampiric Draining        Necr           8%         2d6       17%         3
 Corpse Rot               Necr/Air       8%         N/A       24%         2
 Dispel Undead            Necr           8%         3d8       50%         4
 Gell's Gravitas          Tloc           0%         N/A       78%         3
 Lesser Beckoning         Tloc           0%         N/A       78%         3
 Teleport Other           Tloc           0%         N/A       78%         3
 Death Channel            Necr           4%         N/A       100%        6
 Alistair's Intoxication  Tmut/Pois      Unusable   N/A       N/A         5

Dungeon Overview and Level Annotations

Branches:
Dungeon (11/15)            Temple (1/1) D:6            Lair (1/6) D:8
    Orc: D:9-12

Altars:
Ashenzari
Cheibriados
Dithmenos
Fedhas
Gozag
Hepliaklqana
Kikubaaqudgha
Makhleb
Nemelex Xobeh
Okawaru
Qazlal
Ru
Sif Muna
Trog
Uskayaw
Vehumet
Wu Jian
Xom
Yredelemnul
Zin
The Shining One

Shops:
D:10 :

Annotations:
D:3 3 runed translucent doors


Innate Abilities, Weirdness & Mutations

You are small and have problems with some larger weapons.
You are completely attuned to the shadows.
You cannot study or cast Earth magic.
You cannot study or cast Summoning magic.
You cannot study or cast Transmutations magic.


Message History

* * * LOW HITPOINT WARNING * * *
Something closely misses you.
You hit something.
You feel much better. Something hits you. Something closely misses you.
You hit something but do no damage. Something closely misses you.
Something bites you!
Something draws strength from your injuries!
You hit something but do no damage. You barely miss something.
Something misses you. Something bites you.
Something draws strength from your injuries!
You hit something but do no damage. You closely miss something.
Something hits you!
* * * LOW HITPOINT WARNING * * *
Something misses you.
You hit something but do no damage. You hit something but do no damage.
Something hits you!
* * * LOW HITPOINT WARNING * * *
Something misses you.
You feel much better. Something barely misses you. x2
You feel very mighty all of a sudden. Something barely misses you.
Something bites you!
Something draws strength from your injuries!
You hit something but do no damage. You closely miss something.
Something hits you but does no damage. Something bites you.
Something draws strength from your injuries!
You barely miss something. You hit something but do no damage.
Something hits you but does no damage. Something closely misses you.
You hit something. You puncture something! Something hits you!
Something bites you!
* * * LOW HITPOINT WARNING * * *
Something draws strength from your injuries!
You completely miss something. You closely miss something.
Something misses you. Something bites you!
* * * LOW HITPOINT WARNING * * *
Something draws strength from your injuries!
You hit something. You hit something. Something misses you.
Something bites you!
You die...

#.....#
......#
......#
....{.#
....@.#
......#
......#
......#
.......#
.......#
.......#
......##
#.....#


There were no monsters in sight!

Vanquished Creatures
  Harold (D:8)
  A hydra (D:10)
  2 two-headed ogres (D:9)
  Pikel (D:7)
  Maggie (D:9)
  Psyche (D:9)
  A komodo dragon (D:8)
  A troll (D:9)
  A merfolk (D:10)
  Grinder (D:4)
  A hornet (D:7)
  2 wyverns
  7 yaks
  A sky beast (D:5)
  An orc warrior (D:8)
  2 ice beasts (D:7)
  A black bear (D:7)
  4 necrophages
  2 ogres
  3 centaurs
  2 lemures
  3 kobold brigands
  2 scorpions
  A wyvern zombie (D:6)
  A water moccasin zombie (D:5)
  A wyvern skeleton (D:7)
  A vampire bat (D:4)
  5 killer bees (D:8)
  3 howler monkeys (D:10)
  A centaur zombie (D:7)
  2 hounds
  A bullfrog skeleton (D:7)
  5 orc priests
  2 centaur skeletons
  A jelly (D:6)
  2 iguanas
  A scorpion zombie (D:5)
  The ghost of ASSMAN the Sneak, a weakling DEDe (D:6)
  A hound skeleton (D:4)
  A howler monkey zombie (D:5)
  A gnoll (D:2)
  9 adders
  2 white imps
  An ufetubus (D:4)
  3 worms
  5 dart slugs
  3 fire bats (D:4)
  27 orcs
  2 spectral bats (D:4)
  22 bats
  A bat simulacrum (D:4)
  3 bat skeletons (D:4)
  A bat zombie (D:4)
  8 endoplasms
  4 giant cockroaches
  5 goblins
  4 hobgoblins
  8 jackals
  5 quokkas
  7 ball pythons
  7 frilled lizards
  19 kobolds
  6 rats
  A butterfly (D:10)
226 creatures vanquished.

Vanquished Creatures (others)
  41 plants (D:8)
41 creatures vanquished.

Grand Total: 267 creatures vanquished

Notes
Turn   | Place    | Note
-------+----------+-------------------------------------------
     0 | D:5      | ASSMAN the Kobold Delver began the quest for the Orb.
     0 | D:5      | Reached XP level 1. HP: 14/14 MP: 1/1
    33 | D:5      | Noticed an ogre
    50 | D:5      | Reached XP level 2. HP: 12/19 MP: 2/2
    50 | D:5      | Reached XP level 3. HP: 14/23 MP: 3/3
   465 | D:4      | Noticed an ogre
   469 | D:4      | Reached skill level 5 in Short Blades
   469 | D:4      | Reached XP level 4. HP: 28/28 MP: 4/4
   472 | D:4      | Killed an ogre
   473 | D:4      | Reached XP level 5. HP: 32/32 MP: 5/5
   661 | D:2      | Found a shadowy altar of Dithmenos.
   853 | D:2      | Identified the +1 robe of Welit {Str+5 Int-3 Dex+5}
  1188 | D:2      | Reached XP level 6. HP: 33/37 MP: 6/6
  2111 | D:1      | Found a faded altar of an unknown god.
  2895 | D:3      | Noticed a necrophage
  3310 | D:3      | Found a runed translucent gate.
  3311 | D:3      | Found a runed translucent gate.
  3312 | D:3      | Found a runed translucent gate.
  3354 | D:2      | Killed a necrophage
  3355 | D:2      | Reached XP level 7. HP: 40/40 MP: 7/7
  3838 | D:4      | Noticed Grinder
  3842 | D:4      | Killed Grinder
  3843 | D:4      | Reached skill level 10 in Short Blades
  3843 | D:4      | Reached skill level 1 in Evocations
  3979 | D:4      | Reached skill level 7 in Stealth
  4096 | D:4      | Reached XP level 8. HP: 46/46 MP: 8/8
  5334 | D:5      | Reached skill level 8 in Stealth
  6073 | D:5      | Noticed a wyvern
  6080 | D:5      | Killed a wyvern
  6115 | D:5      | Reached skill level 5 in Dodging
  6115 | D:5      | Reached XP level 9. HP: 53/53 MP: 9/9
  6384 | D:6      | Found a runed translucent gate.
  6385 | D:6      | Found a runed translucent gate.
  6385 | D:6      | Found an opulent altar of Gozag.
  6386 | D:6      | Found a runed translucent gate.
  6533 | D:6      | Found a staircase to the Ecumenical Temple.
  6537 | D:6      | Reached skill level 5 in Fighting
  6543 | Temple   | Entered the Ecumenical Temple
  6641 | Temple   | Became a worshipper of Ru the Awakened
  6725 | D:6      | Noticed a troll
  7095 | D:6      | Reached skill level 9 in Stealth
  7385 | D:6      | Reached skill level 5 in Evocations
  7451 | D:6      | Noticed ASSMAN's ghost (weakling DEDe)
  7488 | D:6      | Killed ASSMAN's ghost
  7997 | D:7      | Noticed a hornet
  8002 | D:7      | Killed a hornet
  8363 | D:7      | Noticed Pikel
  8368 | D:7      | Killed Pikel
  8369 | D:7      | Reached skill level 10 in Stealth
  8369 | D:7      | Reached XP level 10. HP: 61/61 MP: 10/10
  8548 | D:8      | Gained mutation: You cannot study or cast Earth magic. [Ru
                  | sacrifice]
  8548 | D:8      | Gained mutation: You cannot study or cast Transmutations
                  | magic. [Ru sacrifice]
  8548 | D:8      | Gained mutation: You cannot study or cast Summoning magic.
                  | [Ru sacrifice]
  8548 | D:8      | Reached * piety under Ru
  9132 | D:8      | Noticed Harold
  9136 | D:8      | Killed Harold
  9137 | D:8      | Reached skill level 11 in Stealth
  9481 | D:8      | Noticed a komodo dragon
  9487 | D:8      | Killed a komodo dragon
  9532 | D:8      | Learned a level 1 spell: Apportation
  9534 | D:8      | Learned a level 1 spell: Animate Skeleton
  9788 | D:8      | Found a staircase to the Lair.
 10638 | Lair:1   | Entered Level 1 of the Lair of Beasts
 10699 | D:9      | You fall into a shaft and drop 1 floor!
 10699 | D:10     | Entered Level 10 of the Dungeon
 10699 | D:10     | Found a shimmering altar of Xom.
 10788 | D:9      | Noticed Psyche
 10792 | D:9      | Killed Psyche
 10793 | D:9      | Reached skill level 12 in Stealth
 10793 | D:9      | Reached XP level 11. HP: 68/68 MP: 11/11
 10797 | D:9      | Noticed a two-headed ogre
 10799 | D:9      | Noticed a two-headed ogre
 10801 | D:9      | Killed a two-headed ogre
 10809 | D:9      | Killed a two-headed ogre
 10810 | D:9      | Reached skill level 10 in Dodging
 10956 | D:9      | Noticed Maggie
 10960 | D:9      | Killed Maggie
 11673 | D:10     | Found Pitryfri's Book Emporium.
 11752 | D:10     | Noticed an eight-headed hydra
 11755 | D:10     | Killed an eight-headed hydra
 11828 | D:10     | Reached skill level 5 in Necromancy
 12508 | D:11     | Slain by a vampire

Illustrated notes

Levels and vault maps discovered:
D:1:      minmay_arrival_plants_in_alcoves, layout_basic,
          nicolae_ecumenical_snake_handling
D:2:      wad_river_or_something, layout_basic, basic_altar, dk_vineyard_2,
          minmay_divided_ellipse
D:3:      layout_rooms, gammafunk_ghost_necromancy
D:4:      layout_loops_ring, goddamned_bats, uniq_grinder
D:5:      layout_cave_pods
D:6:      layout_basic, minmay_temple_entry_grid, ebering_ghost_gozag
D:7:      layout_basic, uniq_pikel
D:8:      layout_basic, david_lair_shrubbed, hangedman_decor_points,
          lemuel_old_faithful, uniq_harold
D:9:      layout_rooms, chequers_serial_rivers_small_b, uniq_psyche, uniq_maggie
D:10:     layout_loops_ring, xom_butterflies, serial_shops,
          nicolae_shop_hallway_stairs, nicolae_sextant,
          chequers_serial_rivers_micro_a, hangedman_fish_farm
D:11:     layout_cave_pods, david_orc_2, minivault_1, grunt_decor_arrowhead,
          chequers_jeans, uniq_josephine
Temple:   nicolae_temple_the_god_donut
Lair:1:   lemuel_slime, layout_chaotic_city, serial_bayou_lake_a

Skill      XL: |  1  2  3  4  5  6  7  8  9 10 11 |
---------------+----------------------------------+-----
Short Blades   | 4 5 7 9 10 | 10.0
Evocations     | 2 4 6 8 |  8.0
Dodging        | 3 5 7 9 11 | 11.1
Stealth        | 7 8 10 12 | 12.0
Fighting       | 4 6 8 |  8.0
Necromancy     | 5 |  5.0

Action                   |  1- 3 |  4- 6 |  7- 9 | 10-12 || total
-------------------------+-------+-------+-------+-------++-------
Melee: Short sword       |    25 |    81 |       |       ||   106
       Dagger            |       |   121 |   432 |   437 ||   990
Throw: Dart              |       |       |     2 |    10 ||    12
       Throwing net      |       |       |       |     3 ||     3
Invok: Sacrifice Arcana  |       |       |       |     1 ||     1
  Use: Scroll            |       |     7 |     4 |     4 ||    15
       Potion            |       |     2 |     1 |     6 ||     9
 Stab: Sleeping          |     1 |    48 |    42 |    18 ||   109
       Invisible         |       |       |     2 |     5 ||     7
       Distracted        |       |       |     1 |     1 ||     2
       Held in net/web   |       |       |       |     3 ||     3
Armor: Leather armour    |     7 |     4 |       |       ||    11
       Robe              |       |    13 |    45 |    15 ||    73
Dodge: Dodged            |    22 |   102 |   195 |   205 ||   524

Table legend: (Time is in decaauts)
 A = Elapsed time spent in this place.
 B = Non-inter-level travel time spent in this place.
 C = Inter-level travel time spent in this place.
 D = Time resting spent in this place.
 E = Time spent auto-exploring this place.
 F = Levels seen in this place.
 G = Mean time per level.
                   A        B        C        D        E       F      G
               +--------+--------+--------+--------+--------+-----+--------+
         Total |  11996 |  11502 |    494 |   2681 |   6909 |  13 |  922.8 |
       Dungeon |  11878 |  11401 |    477 |   2681 |   6832 |  11 | 1079.8 |
        Temple |    115 |     98 |     17 |      0 |     77 |   1 |  115.0 |
          Lair |      1 |      1 |      0 |      0 |      0 |   1 |    1.0 |
               +--------+--------+--------+--------+--------+-----+--------+

Top non-repeatable levels by time:
     D:2: 1592 daAuts
     D:5: 1570 daAuts
     D:6: 1568 daAuts
     D:8: 1533 daAuts
     D:4: 1297 daAuts
    D:10: 1151 daAuts
     D:9: 990 daAuts
     D:3: 755 daAuts
     D:1: 700 daAuts
     D:7: 683 daAuts
  Temple: 115 daAuts
    D:11: 34 daAuts
  Lair:1: 1 daAuts
